Rangers vs Avalanche

Created - 20 janvier 2018 at 15:55

Goals
1 2 3 T
Rangers 1 1 0 2
Avalanche 0 0 1 1
Shots
1 2 3 T
Rangers 11 10 7 28
Avalanche 10 6 12 28

1st period

1. Rangers , Nikita Filatov 10 (Trevor Byrne 14, Nikolai Kulemin 20) at 15:00

Penalties :
Tim Ramholt (NYR) for Hooking (Minor) at 7:17, Patrick Sharp (COL) for Hooking (Minor) at 9:18, Josh Manson (COL) for Holding (Minor) at 15:47, Niklas Kronwall (COL) for Interference (Minor) at 17:45

2nd period

2. Rangers , Evan McGrath 5 (James Sheppard 3, Simon Despres 20) at 5:43

Penalties :
Niklas Kronwall (COL) for Elbowing (Minor) at 8:23, Kyle Palmieri (COL) for Holding (Minor) at 11:43, Tim Ramholt (NYR) for Slashing (Minor) at 18:46, Jason Zucker (COL) for Slashing (Minor) at 19:43

3rd period

3. Avalanche , Francois Beauchemin 8 (Jussi Jokinen 23, Patrick Sharp 26) at 14:34 (PP)

Penalties :
Dmitry Kulikov (NYR) for Hooking (Minor) at 13:41, Alex Foster (NYR) for Hooking (Minor) at 14:35, Mattias Ekholm (COL) for Holding (Minor) at 17:35, Nikita Filatov (NYR) for Hooking (Minor) at 17:35

Goalie Stats

Tyler Beskorowany (NYR), 27 saves from 28 shots - (0,964), W, 1-1-0, 60:00 minutes
Roberto Luongo (COL), 26 saves from 28 shots - (0,929), L, 27-10-1, 59:01 minutes

Players Stats for Rangers

Player Name              G  A  P  +/- PIM S  H  SB GA TA FO     MP     PP MP  PK MP  
------------------------------------------------------------------------------------
Alex Foster              0  0  0   0  2   1  1  2  0  0  7/13    9:45   0:00   0:00 
Clarke MacArthur         0  0  0   0  0   1  0  0  0  0  0/0    15:38   5:52   0:00 
Dmitry Kulikov           0  0  0   0  2   0  1  0  0  0  0/0    13:03   0:00   0:00 
Evan McGrath             1  0  1   1  0   2  0  0  0  0  2/8     5:45   0:00   0:00 
Fedor Tyutin             0  0  0   0  0   3  2  2  0  0  0/0    25:37   5:49   3:26 
Ilja Zubov               0  0  0   0  0   4  0  0  0  0  3/4    20:31   4:59   1:57 
James Sheppard           0  1  1   1  0   2  3  0  0  0  1/1     8:07   0:00   1:57 
Matt Stajan              0  0  0   0  0   2  4  1  0  0  8/18   23:49   4:59   3:51 
Mattias Tedenby          0  0  0   0  0   2  0  0  0  0  2/5    12:11   0:00   0:00 
Nikita Filatov           1  0  1   1  2   1  7  0  0  0  0/0    11:49   0:00   0:00 
Nikolai Kulemin          0  1  1   1  0   0  0  0  0  0  16/34  21:33   5:52   3:51 
Rich Peverley            0  0  0   1  0   0  0  0  0  0  2/2    17:42   5:52   0:00 
Scott Hartnell           0  0  0   0  0   4  2  0  0  0  1/1    18:34   4:59   0:00 
Shawn Collymore          0  0  0   1  0   1  0  0  0  0  0/0     5:45   0:00   0:00 
Simon Despres            0  1  1   2  0   2  1  0  0  0  0/0    21:19   5:02   2:22 
Tim Ramholt              0  0  0   0  4   1  3  1  0  0  0/0    13:02   0:00   0:00 
Trevor Byrne             0  1  1   2  0   1  0  1  0  0  0/0    21:19   5:02   2:22 
Zach Bogosian            0  0  0   0  0   1  9  1  0  0  0/0    25:37   5:49   3:26 

Players Stats for Avalanche

Player Name              G  A  P  +/- PIM S  H  SB GA TA FO     MP     PP MP  PK MP  
------------------------------------------------------------------------------------
Alex Petrovic            0  0  0   0  0   0  0  0  0  0  0/0     3:33   0:00   0:00 
Anton Stralman           0  0  0   0  0   2  0  2  0  0  0/0    20:17   2:37   5:00 
Brad Boyes               0  0  0   0  0   2  0  1  0  0  14/28  24:17   2:47   5:01 
Chris VandeVelde         0  0  0  -1  0   0  0  0  0  0  5/11   11:35   0:00   0:40 
Francois Beauchemin      1  0  1  -1  0   3  0  2  0  0  0/0    26:05   3:11   5:48 
Jason Zucker             0  0  0  -1  2   5  2  0  0  0  0/1    12:05   0:22   0:00 
Josh Manson              0  0  0   0  2   0  0  0  0  0  0/0     3:32   0:00   0:00 
Jussi Jokinen            0  1  1   0  0   0  2  1  0  0  0/0    18:10   2:47   3:24 
Kyle Palmieri            0  0  0  -1  2   1  1  0  0  0  1/2    17:59   3:01   0:00 
Lukas Krajicek           0  0  0  -1  0   1  3  1  0  0  0/0    12:00   0:00   1:58 
Mattias Ekholm           0  0  0  -1  2   1  1  0  0  0  0/0     9:57   0:00   0:21 
Mikkel Boedker           0  0  0  -1  0   0  1  0  0  0  0/1    18:00   3:01   0:00 
Niklas Kronwall          0  0  0  -1  4   1  2  4  0  0  0/0    23:50   3:11   3:34 
Patrice Bergeron         0  0  0  -1  0   6  4  0  0  0  20/28  26:48   3:01   4:50 
Patrick Sharp            0  1  1  -1  2   4  2  0  0  0  3/12   27:53   1:47   5:02 
Remi Elie                0  0  0   0  0   2  2  0  0  0  1/3     9:17   0:37   2:44 
Steve Eminger            0  0  0   0  0   0  0  0  0  0  0/0     0:25   0:00   0:00 
TJ Brodie                0  0  0   0  0   0  0  0  0  0  0/0    20:17   2:37   5:00 

3 Stars

1 - Nikita Filatov (NYR)
2 - Tyler Beskorowany (NYR)
3 - Evan McGrath (NYR)

Power Play

Rangers - 0 on 6 Attempt(s) - 0,00%
Avalanche - 1 on 4 Attempt(s) - 25,00%

Penalty Kill

Rangers - 3 on 4 Attempt(s) - 75,00% - Score 0 goal in Penalty Kill
Avalanche - 6 on 6 Attempt(s) - 100,00% - Score 0 goal in Penalty Kill

Team Stat

Rangers - Hits : 33 - Faceoff Wins : 42 - Blocked Shots : 8 - Penalty Minutes : 10
Avalanche - Hits : 20 - Faceoff Wins : 44 - Blocked Shots : 11 - Penalty Minutes : 14

Official

Referees : Dan O'Halloran and Jean Hebert
Linesman : Chris Leavitt and Andrew Buck

Game Notes

No Game Note

Finance

Level 1 -- Attendance: 6000 (100,00%) -- Ticket Income 600 000 $
Level 2 -- Attendance: 5000 (100,00%) -- Ticket Income 325 000 $
Level 3 -- Attendance: 2000 (100,00%) -- Ticket Income 84 000 $
Level 4 -- Attendance: 4000 (100,00%) -- Ticket Income 108 000 $
Luxury Box -- Attendance: 1007 (100,00%) -- Ticket Income 211 470 $
Game was played at the Pepsi Center.
Total Attendance: 18007 (100,00%)
Total Ticket Income: 1 328 470 $
Other Income: 650 950 $
Total Income: 1 979 420 $

Rangers

5 vs 5 Forward 
   Center                   Left Wing                Right Wing               Time % Phy DF OF 
 1 Matt Stajan              Scott Hartnell           Ilja Zubov               34     1   2  2  
 2 Nikolai Kulemin          Nikita Filatov           Rich Peverley            30     1   2  2  
 3 Alex Foster              Clarke MacArthur         Mattias Tedenby          24     1   2  2  
 4 Evan McGrath             Shawn Collymore          James Sheppard           12     1   2  2  

5 vs 5 Defense 
   Defense                  Defense                                           Time % Phy DF OF 
 1 Fedor Tyutin             Zach Bogosian                                     34     1   2  2  
 2 Simon Despres            Trevor Byrne                                      30     1   2  2  
 3 Dmitry Kulikov           Tim Ramholt                                       24     1   2  2  
 4 Fedor Tyutin             Zach Bogosian                                     12     1   2  2  

PowerPlay Forward 
   Center                   Left Wing                Right Wing               Time % Phy DF OF 
 1 Matt Stajan              Scott Hartnell           Ilja Zubov               55     1   2  2  
 2 Nikolai Kulemin          Clarke MacArthur         Rich Peverley            45     1   2  2  

PowerPlay Defense
   Defense                  Defense                                           Time % Phy DF OF 
 1 Fedor Tyutin             Zach Bogosian                                     55     1   2  2  
 2 Simon Despres            Trevor Byrne                                      45     1   2  2  

Penalty Kill 4 Players Forward 
   Center                   Wing                     Time % Phy DF OF 
 1 Nikolai Kulemin          Matt Stajan              55     1   2  2  
 2 Ilja Zubov               James Sheppard           45     1   2  2  

Penalty Kill 4 Players Defense
   Defense                  Defense                  Time % Phy DF OF 
 1 Fedor Tyutin             Zach Bogosian            55     1   2  2  
 2 Simon Despres            Trevor Byrne             45     1   2  2  

Penalty Kill - 3 Players Forward 
   Forward                                           Time % Phy DF OF 
 1 Ilja Zubov                                        55     1   2  2  
 2 Matt Stajan                                       45     1   2  2  

Penalty Kill - 3 Players Defense
   Defense                  Defense                  Time % Phy DF OF 
 1 Fedor Tyutin             Zach Bogosian            55     1   2  2  
 2 Simon Despres            Trevor Byrne             45     1   2  2  

4 vs 4 Forward 
   Center                   Wing                     Time % Phy DF OF 
 1 Mattias Tedenby          Matt Stajan              55     1   2  2  
 2 Ilja Zubov               Scott Hartnell           45     1   2  2  

4 vs 4 Defense
   Defense                  Defense                  Time % Phy DF OF 
 1 Fedor Tyutin             Zach Bogosian            55     1   2  2  
 2 Simon Despres            Trevor Byrne             45     1   2  2  

Last Minutes Offensive
   Center                   Left Wing                Right Wing               Defense                  Defense                  
   Matt Stajan              Scott Hartnell           Ilja Zubov               Fedor Tyutin             Zach Bogosian            

Last Minutes Defensive
   Center                   Left Wing                Right Wing               Defense                  Defense                  
   Matt Stajan              Scott Hartnell           Ilja Zubov               Fedor Tyutin             Zach Bogosian            

Goaltenders
Starting : Tyler Beskorowany        
Backup : Mike Smith               

Extra Forwards
Normal : James Sheppard, Clarke MacArthur, Mattias Tedenby - PP : James Sheppard, Clarke MacArthur - PK : Mattias Tedenby
Extra Defensemen
Normal : Dmitry Kulikov, Tim Ramholt, Simon Despres - PP : Dmitry Kulikov - PK : Tim Ramholt, Simon Despres
Penalty Shots
Rich Peverley, Matt Stajan, Ilja Zubov, Mattias Tedenby, Nikolai Kulemin
Custom OT Lines Forwards
James Sheppard, Matt Stajan, Ilja Zubov, Scott Hartnell, Nikolai Kulemin, Rich Peverley, Clarke MacArthur, Mattias Tedenby, Alex Foster, Evan McGrath
Custom OT Lines Defensemen
Fedor Tyutin, Zach Bogosian, Simon Despres, Trevor Byrne, Dmitry Kulikov

Scratches
None

Avalanche

5 vs 5 Forward 
   Center                   Left Wing                Right Wing               Time % Phy DF OF 
 1 Brad Boyes               Patrick Sharp            Jussi Jokinen            40     1   2  2  
 2 Patrice Bergeron         Kyle Palmieri            Mikkel Boedker           30     1   2  2  
 3 Chris VandeVelde         Jason Zucker             Patrick Sharp            20     1   2  2  
 4 Brad Boyes               Remi Elie                Patrice Bergeron         10     1   2  2  

5 vs 5 Defense 
   Defense                  Defense                                           Time % Phy DF OF 
 1 Niklas Kronwall          Francois Beauchemin                               40     1   2  2  
 2 TJ Brodie                Anton Stralman                                    30     1   2  2  
 3 Lukas Krajicek           Mattias Ekholm                                    20     1   2  2  
 4 Josh Manson              Alex Petrovic                                     10     1   2  2  

PowerPlay Forward 
   Center                   Left Wing                Right Wing               Time % Phy DF OF 
 1 Brad Boyes               Patrick Sharp            Jussi Jokinen            60     1   2  2  
 2 Patrice Bergeron         Kyle Palmieri            Mikkel Boedker           40     1   2  2  

PowerPlay Defense
   Defense                  Defense                                           Time % Phy DF OF 
 1 Niklas Kronwall          Francois Beauchemin                               60     1   2  2  
 2 TJ Brodie                Anton Stralman                                    40     1   2  2  

Penalty Kill 4 Players Forward 
   Center                   Wing                     Time % Phy DF OF 
 1 Patrick Sharp            Brad Boyes               60     1   2  2  
 2 Patrice Bergeron         Jussi Jokinen            40     1   2  2  

Penalty Kill 4 Players Defense
   Defense                  Defense                  Time % Phy DF OF 
 1 Niklas Kronwall          Francois Beauchemin      60     1   2  2  
 2 TJ Brodie                Anton Stralman           40     1   2  2  

Penalty Kill - 3 Players Forward 
   Forward                                           Time % Phy DF OF 
 1 Patrick Sharp                                     60     1   2  2  
 2 Brad Boyes                                        40     1   2  2  

Penalty Kill - 3 Players Defense
   Defense                  Defense                  Time % Phy DF OF 
 1 Niklas Kronwall          Francois Beauchemin      60     1   2  2  
 2 TJ Brodie                Anton Stralman           40     1   2  2  

4 vs 4 Forward 
   Center                   Wing                     Time % Phy DF OF 
 1 Patrick Sharp            Brad Boyes               60     1   2  2  
 2 Patrice Bergeron         Jussi Jokinen            40     1   2  2  

4 vs 4 Defense
   Defense                  Defense                  Time % Phy DF OF 
 1 Niklas Kronwall          Francois Beauchemin      60     1   2  2  
 2 TJ Brodie                Anton Stralman           40     1   2  2  

Last Minutes Offensive
   Center                   Left Wing                Right Wing               Defense                  Defense                  
   Brad Boyes               Patrick Sharp            Jussi Jokinen            Niklas Kronwall          Francois Beauchemin      

Last Minutes Defensive
   Center                   Left Wing                Right Wing               Defense                  Defense                  
   Brad Boyes               Patrick Sharp            Jussi Jokinen            Niklas Kronwall          Francois Beauchemin      

Goaltenders
Starting : Roberto Luongo           
Backup : Justin Peters            

Extra Forwards
Normal : Jason Zucker, Chris VandeVelde, Remi Elie - PP : Jason Zucker, Chris VandeVelde - PK : Remi Elie
Extra Defensemen
Normal : Steve Eminger, Lukas Krajicek, Mattias Ekholm - PP : Steve Eminger - PK : Lukas Krajicek, Mattias Ekholm
Penalty Shots
Patrick Sharp, Brad Boyes, Patrice Bergeron, Jussi Jokinen, Kyle Palmieri
Custom OT Lines Forwards
Patrick Sharp, Brad Boyes, Patrice Bergeron, Jussi Jokinen, Kyle Palmieri, Mikkel Boedker, Jason Zucker, Chris VandeVelde, Remi Elie, 
Custom OT Lines Defensemen
Niklas Kronwall, Francois Beauchemin, TJ Brodie, Anton Stralman, Lukas Krajicek

Scratches
Paul Stastny (Right Foot Injury), Carl Hagelin (Strained Back Injury)

% Time on Ice - Rangers

Lines # - Real PCT - Wanted PCT - Time Play
Normal Forward
1 - 31% - 34% - 12:34
2 - 30% - 30% - 11:50
3 - 24% - 24% - 9:46
4 - 14% - 12% - 5:45
Normal Defense
1 - 31% - 34% - 12:33
2 - 32% - 30% - 12:58
3 - 32% - 24% - 12:39
4 - 4% - 12% - 1:45
PP Forward
1 - 46% - 55% - 4:59
2 - 54% - 45% - 5:52
PP Defense
1 - 54% - 55% - 5:49
2 - 46% - 45% - 5:02
PK Forward
1 - 66% - 55% - 3:51
2 - 34% - 45% - 1:57
PK Defense
1 - 59% - 55% - 3:26
2 - 41% - 45% - 2:22
PK3 Forward
1 - 0% - 55%
2 - 0% - 45%
PK3 Defense
1 - 0% - 55%
2 - 0% - 45%
44 Forward
1 - 80% - 55% - 2:25
2 - 20% - 45% - 0:36
44 Defense
1 - 69% - 55% - 2:04
2 - 31% - 45% - 0:57
Last Minute Offensive  - 0:00
Last Minute Defensive  - 0:25
Total
Forward - 60:00
Defense - 60:00

% Time on Ice - Avalanche

Lines # - Real PCT - Wanted PCT - Time Play
Normal Forward
1 - 28% - 40% - 11:01
2 - 38% - 30% - 14:59
3 - 27% - 20% - 10:55
4 - 8% - 10% - 3:00
Normal Defense
1 - 38% - 40% - 15:07
2 - 29% - 30% - 11:38
3 - 24% - 20% - 9:37
4 - 9% - 10% - 3:33
PP Forward
1 - 48% - 60% - 2:47
2 - 52% - 40% - 3:01
PP Defense
1 - 55% - 60% - 3:11
2 - 45% - 40% - 2:37
PK Forward
1 - 66% - 60% - 7:11
2 - 34% - 40% - 3:39
PK Defense
1 - 54% - 60% - 5:50
2 - 46% - 40% - 5:00
PK3 Forward
1 - 100% - 60% - 0:01
2 - 0% - 40% - 0:00
PK3 Defense
1 - 100% - 60% - 0:01
2 - 0% - 40% - 0:00
44 Forward
1 - 68% - 60% - 2:03
2 - 32% - 40% - 0:58
44 Defense
1 - 66% - 60% - 1:59
2 - 34% - 40% - 1:02
Last Minute Offensive  - 0:25
Last Minute Defensive  - 0:00
Total
Forward - 60:00
Defense - 60:00

Play by Play

1st period


0:01 of 1st period - Brad Boyes wins face-off versus Matt Stajan in neutral zone.
0:10 of 1st period - Shot by Ilja Zubov.
0:10 of 1st period - Stopped by Roberto Luongo without a rebound.
0:11 of 1st period - Nikolai Kulemin wins face-off versus Patrice Bergeron in Avalanche zone.
1:25 of 1st period - Icing by Tim Ramholt.
1:26 of 1st period - Chris VandeVelde wins face-off versus Alex Foster in Rangers zone.
1:27 of 1st period - Shot by Jason Zucker.
1:27 of 1st period - Deflect By Patrick Sharp.
1:27 of 1st period - Shot Blocked by Alex Foster.
1:29 of 1st period - Shot by Chris VandeVelde.
1:29 of 1st period - Shot Blocked by Alex Foster.
1:31 of 1st period - Shot by Patrick Sharp.
1:31 of 1st period - Stopped by Tyler Beskorowany without a rebound.
1:32 of 1st period - Chris VandeVelde wins face-off versus Matt Stajan in Rangers zone.
1:49 of 1st period - Shot by Jason Zucker.
1:49 of 1st period - Stopped by Tyler Beskorowany without a rebound.
1:50 of 1st period - Evan McGrath wins face-off versus Brad Boyes in Rangers zone.
1:52 of 1st period - Icing by James Sheppard.
1:53 of 1st period - Brad Boyes wins face-off versus Evan McGrath in Rangers zone.
1:58 of 1st period - Shot by Patrice Bergeron.
1:58 of 1st period - Stopped by Tyler Beskorowany without a rebound.
1:59 of 1st period - Alex Foster wins face-off versus Brad Boyes in Rangers zone.
1:59 of 1st period - Alex Foster is hit by Jussi Jokinen.
3:19 of 1st period - Shot by Mikkel Boedker.
3:19 of 1st period - Deflect By Kyle Palmieri.
3:19 of 1st period - Shot Misses the Net.
3:27 of 1st period - Icing by Niklas Kronwall.
3:28 of 1st period - Patrice Bergeron wins face-off versus Evan McGrath in Avalanche zone.
3:28 of 1st period - Patrice Bergeron is hit by James Sheppard.
3:37 of 1st period - Niklas Kronwall is hit by James Sheppard and loses puck.
3:54 of 1st period - Shot by James Sheppard.
3:54 of 1st period - Shot Misses the Net.
3:56 of 1st period - Shot by James Sheppard.
3:56 of 1st period - Stopped by Roberto Luongo without a rebound.
3:57 of 1st period - Nikolai Kulemin wins face-off versus Chris VandeVelde in Avalanche zone.
5:01 of 1st period - Dmitry Kulikov is hit by Jason Zucker and loses puck.
5:22 of 1st period - Shot by Matt Stajan.
5:22 of 1st period - Shot Misses the Net.
5:29 of 1st period - Icing by Mattias Ekholm.
5:30 of 1st period - Alex Foster wins face-off versus Chris VandeVelde in Avalanche zone.
5:34 of 1st period - Icing by Lukas Krajicek.
5:35 of 1st period - Alex Foster wins face-off versus Chris VandeVelde in Avalanche zone.
5:35 of 1st period - Alex Foster is hit by Mattias Ekholm.
5:58 of 1st period - Mattias Tedenby is hit by Lukas Krajicek and loses puck.
7:07 of 1st period - Brad Boyes is hit by Zach Bogosian and loses puck.
7:12 of 1st period - Shot by Patrice Bergeron.
7:12 of 1st period - Stopped by Tyler Beskorowany without a rebound.
7:13 of 1st period - Patrice Bergeron wins face-off versus Matt Stajan in Rangers zone.
7:17 of 1st period - Minor Penalty to Tim Ramholt for Hooking.
7:18 of 1st period - Kyle Palmieri wins face-off versus Nikolai Kulemin in Rangers zone.
7:26 of 1st period - Icing by Niklas Kronwall.
7:27 of 1st period - Patrice Bergeron wins face-off versus Nikolai Kulemin in Avalanche zone.
7:42 of 1st period - Shot by Patrice Bergeron.
7:42 of 1st period - Stopped by Tyler Beskorowany without a rebound.
7:43 of 1st period - Patrice Bergeron wins face-off versus Nikolai Kulemin in Rangers zone.
7:43 of 1st period - Mikkel Boedker is hit by Fedor Tyutin and loses puck.
7:54 of 1st period - Shot by Kyle Palmieri.
7:54 of 1st period - Deflect By Patrice Bergeron.
7:54 of 1st period - Shot Blocked by Zach Bogosian.
8:01 of 1st period - Mikkel Boedker is hit by Zach Bogosian and loses puck.
8:20 of 1st period - Shot by Patrice Bergeron.
8:20 of 1st period - Stopped by Tyler Beskorowany without a rebound.
8:21 of 1st period - Ilja Zubov wins face-off versus Brad Boyes in Rangers zone.
8:21 of 1st period - Ilja Zubov is hit by Remi Elie.
8:36 of 1st period - Brad Boyes is hit by James Sheppard and loses puck.
8:45 of 1st period - Shot by Brad Boyes.
8:45 of 1st period - Shot Misses the Net.
8:57 of 1st period - Shot by Brad Boyes.
8:57 of 1st period - Stopped by Tyler Beskorowany without a rebound.
8:58 of 1st period - Nikolai Kulemin wins face-off versus Mikkel Boedker in Rangers zone.
9:17 of 1st period - Shot by Kyle Palmieri.
9:17 of 1st period - Shot Misses the Net.
9:18 of 1st period - Minor Penalty to Patrick Sharp for Hooking.
9:19 of 1st period - Nikolai Kulemin wins face-off versus Remi Elie in Avalanche zone.
9:20 of 1st period - Shot by Fedor Tyutin.
9:20 of 1st period - Stopped by Roberto Luongo without a rebound.
9:21 of 1st period - Remi Elie wins face-off versus Nikolai Kulemin in Avalanche zone.
10:52 of 1st period - Anton Stralman is hit by Scott Hartnell and loses puck.
11:04 of 1st period - Icing by Ilja Zubov.
11:05 of 1st period - Patrice Bergeron wins face-off versus Matt Stajan in Rangers zone.
11:44 of 1st period - Shot by Jason Zucker.
11:44 of 1st period - Deflect By Patrick Sharp.
11:44 of 1st period - Shot Misses the Net.
11:46 of 1st period - Shot by Jason Zucker.
11:46 of 1st period - Stopped by Tyler Beskorowany without a rebound.
11:47 of 1st period - Nikolai Kulemin wins face-off versus Patrice Bergeron in Rangers zone.
11:49 of 1st period - Icing by Nikita Filatov.
11:50 of 1st period - Nikolai Kulemin wins face-off versus Patrice Bergeron in Rangers zone.
11:59 of 1st period - Off-side.
12:00 of 1st period - Brad Boyes wins face-off versus Nikolai Kulemin in neutral zone.
12:02 of 1st period - Francois Beauchemin is hit by Zach Bogosian and loses puck.
12:15 of 1st period - Shot by Brad Boyes.
12:15 of 1st period - Shot Misses the Net.
12:21 of 1st period - Shot by Patrick Sharp.
12:21 of 1st period - Shot Misses the Net.
12:31 of 1st period - Shot by Brad Boyes.
12:31 of 1st period - Shot Blocked by Fedor Tyutin.
13:08 of 1st period - Shot by Patrice Bergeron.
13:08 of 1st period - Shot Blocked by Trevor Byrne.
13:20 of 1st period - Shot by Matt Stajan.
13:20 of 1st period - Shot Misses the Net.
13:54 of 1st period - Shot by Dmitry Kulikov.
13:54 of 1st period - Shot Misses the Net.
14:16 of 1st period - Shot by Alex Foster.
14:16 of 1st period - Stopped by Roberto Luongo without a rebound.
14:17 of 1st period - James Sheppard wins face-off versus Brad Boyes in Avalanche zone.
14:44 of 1st period - Shot by Patrick Sharp.
14:44 of 1st period - Stopped by Tyler Beskorowany without a rebound.
14:45 of 1st period - Nikolai Kulemin wins face-off versus Chris VandeVelde in Rangers zone.
15:00 of 1st period - Shot by Nikita Filatov.
15:00 of 1st period - Goal by Nikita Filatov - Rangers : 1 - Avalanche : 0.
15:01 of 1st period - Matt Stajan wins face-off versus Brad Boyes in neutral zone.
15:04 of 1st period - Shot by Ilja Zubov.
15:04 of 1st period - Shot Blocked by Niklas Kronwall.
15:16 of 1st period - Shot by Scott Hartnell.
15:16 of 1st period - Stopped by Roberto Luongo without a rebound.
15:17 of 1st period - Brad Boyes wins face-off versus Nikolai Kulemin in Avalanche zone.
15:17 of 1st period - Brad Boyes is hit by Nikita Filatov.
15:32 of 1st period - Remi Elie is hit by Zach Bogosian and loses puck.
15:47 of 1st period - Minor Penalty to Josh Manson for Holding.
15:48 of 1st period - Matt Stajan wins face-off versus Patrick Sharp in Avalanche zone.
15:55 of 1st period - Shot by Simon Despres.
15:55 of 1st period - Stopped by Roberto Luongo with a rebound.
15:57 of 1st period - Shot by Matt Stajan.
15:57 of 1st period - Shot Hit the Post.
15:59 of 1st period - Shot by Scott Hartnell.
15:59 of 1st period - Stopped by Roberto Luongo without a rebound.
16:00 of 1st period - Patrice Bergeron wins face-off versus Matt Stajan in Avalanche zone.
16:21 of 1st period - Shot by Matt Stajan.
16:21 of 1st period - Stopped by Roberto Luongo without a rebound.
16:22 of 1st period - Patrice Bergeron wins face-off versus Nikolai Kulemin in Avalanche zone.
16:33 of 1st period - Shot by Trevor Byrne.
16:33 of 1st period - Stopped by Roberto Luongo with a rebound.
16:35 of 1st period - Shot by Clarke MacArthur.
16:35 of 1st period - Deflect By Nikolai Kulemin.
16:35 of 1st period - Shot Misses the Net.
17:01 of 1st period - Shot by Rich Peverley.
17:01 of 1st period - Shot Blocked by Anton Stralman.
17:03 of 1st period - Shot by Rich Peverley.
17:03 of 1st period - Shot Blocked by Brad Boyes.
17:42 of 1st period - Shot by Zach Bogosian.
17:42 of 1st period - Shot Blocked by Jussi Jokinen.
17:44 of 1st period - Shot by Zach Bogosian.
17:44 of 1st period - Stopped by Roberto Luongo without a rebound.
17:45 of 1st period - Nikolai Kulemin wins face-off versus Patrice Bergeron in Avalanche zone.
17:45 of 1st period - Minor Penalty to Niklas Kronwall for Interference.
17:46 of 1st period - Rich Peverley wins face-off versus Patrick Sharp in Avalanche zone.
18:33 of 1st period - Shot by Ilja Zubov.
18:33 of 1st period - Deflect By Matt Stajan.
18:33 of 1st period - Shot Blocked by Anton Stralman.
18:35 of 1st period - Shot by Ilja Zubov.
18:35 of 1st period - Shot Misses the Net.
18:53 of 1st period - Scott Hartnell is hit by Lukas Krajicek and loses puck.
19:34 of 1st period - Shot by Mattias Ekholm.
19:34 of 1st period - Stopped by Tyler Beskorowany without a rebound.
19:35 of 1st period - Patrick Sharp wins face-off versus Nikolai Kulemin in Rangers zone.
19:50 of 1st period - Icing by Alex Petrovic.
19:51 of 1st period - Patrice Bergeron wins face-off versus Evan McGrath in Avalanche zone.
Goals for this period are 1 for Rangers vs 0 for Avalanche.
Shots for this period are 11 for Rangers vs 10 for Avalanche.

2nd period


0:01 of 2nd period - Matt Stajan wins face-off versus Brad Boyes in neutral zone.
0:18 of 2nd period - Shot by Scott Hartnell.
0:18 of 2nd period - Shot Blocked by Niklas Kronwall.
0:20 of 2nd period - Shot by Scott Hartnell.
0:20 of 2nd period - Stopped by Roberto Luongo without a rebound.
0:21 of 2nd period - Patrice Bergeron wins face-off versus Alex Foster in Avalanche zone.
0:36 of 2nd period - Icing by Zach Bogosian.
0:37 of 2nd period - Alex Foster wins face-off versus Brad Boyes in Rangers zone.
0:37 of 2nd period - Alex Foster is hit by Patrick Sharp.
1:01 of 2nd period - Shot by Alex Foster.
1:01 of 2nd period - Shot Hit the Post.
1:03 of 2nd period - Shot by Zach Bogosian.
1:03 of 2nd period - Shot Blocked by Francois Beauchemin.
1:09 of 2nd period - Shot by Clarke MacArthur.
1:09 of 2nd period - Shot Misses the Net.
1:11 of 2nd period - Shot by Mattias Tedenby.
1:11 of 2nd period - Shot Misses the Net.
1:13 of 2nd period - Shot by Fedor Tyutin.
1:13 of 2nd period - Stopped by Roberto Luongo without a rebound.
1:14 of 2nd period - Patrice Bergeron wins face-off versus Matt Stajan in Avalanche zone.
1:44 of 2nd period - Shot by Ilja Zubov.
1:44 of 2nd period - Shot Misses the Net.
1:46 of 2nd period - Shot by Scott Hartnell.
1:46 of 2nd period - Shot Misses the Net.
2:02 of 2nd period - Anton Stralman is hit by Matt Stajan and loses puck.
3:06 of 2nd period - Jussi Jokinen is hit by Tim Ramholt and loses puck.
3:19 of 2nd period - Jussi Jokinen is hit by Nikita Filatov and loses puck.
3:26 of 2nd period - Tim Ramholt is hit by Patrick Sharp and loses puck.
4:04 of 2nd period - Off-side.
4:05 of 2nd period - Patrice Bergeron wins face-off versus Matt Stajan in neutral zone.
4:31 of 2nd period - Icing by Ilja Zubov.
4:32 of 2nd period - Matt Stajan wins face-off versus Chris VandeVelde in Rangers zone.
5:33 of 2nd period - Shot by Mattias Tedenby.
5:33 of 2nd period - Stopped by Roberto Luongo without a rebound.
5:34 of 2nd period - Patrice Bergeron wins face-off versus Evan McGrath in Avalanche zone.
5:41 of 2nd period - Shot by James Sheppard.
5:41 of 2nd period - Shot Blocked by Niklas Kronwall.
5:43 of 2nd period - Shot by Evan McGrath.
5:43 of 2nd period - Goal by Evan McGrath - Rangers : 2 - Avalanche : 0.
5:44 of 2nd period - Alex Foster wins face-off versus Brad Boyes in neutral zone.
6:13 of 2nd period - Shot by Brad Boyes.
6:13 of 2nd period - Shot Misses the Net.
6:15 of 2nd period - Shot by Remi Elie.
6:15 of 2nd period - Stopped by Tyler Beskorowany without a rebound.
6:16 of 2nd period - Nikolai Kulemin wins face-off versus Patrice Bergeron in Rangers zone.
6:28 of 2nd period - Tim Ramholt is hit by Lukas Krajicek and loses puck.
6:49 of 2nd period - Shot by Kyle Palmieri.
6:49 of 2nd period - Shot Misses the Net.
6:51 of 2nd period - Shot by Kyle Palmieri.
6:51 of 2nd period - Shot Misses the Net.
6:53 of 2nd period - Shot by Kyle Palmieri.
6:53 of 2nd period - Shot Misses the Net.
6:55 of 2nd period - Shot by Patrice Bergeron.
6:55 of 2nd period - Stopped by Tyler Beskorowany with a rebound.
6:57 of 2nd period - Shot by Lukas Krajicek.
6:57 of 2nd period - Stopped by Tyler Beskorowany without a rebound.
6:58 of 2nd period - Brad Boyes wins face-off versus Matt Stajan in Rangers zone.
7:15 of 2nd period - Patrick Sharp is hit by Scott Hartnell.
7:22 of 2nd period - Jussi Jokinen is hit by Simon Despres and loses puck.
7:56 of 2nd period - Clarke MacArthur is hit by Niklas Kronwall and loses puck.
8:14 of 2nd period - Mattias Tedenby is hit by Niklas Kronwall and loses puck.
8:23 of 2nd period - Minor Penalty to Niklas Kronwall for Elbowing.
8:24 of 2nd period - Patrice Bergeron wins face-off versus Nikolai Kulemin in Avalanche zone.
9:12 of 2nd period - Icing by Zach Bogosian.
9:13 of 2nd period - Matt Stajan wins face-off versus Remi Elie in Rangers zone.
9:20 of 2nd period - Shot by Matt Stajan.
9:20 of 2nd period - Shot Hit the Post.
10:10 of 2nd period - Shot by Trevor Byrne.
10:10 of 2nd period - Shot Misses the Net.
10:41 of 2nd period - Shot by James Sheppard.
10:41 of 2nd period - Deflect By Shawn Collymore.
10:41 of 2nd period - Stopped by Roberto Luongo without a rebound.
10:42 of 2nd period - Patrice Bergeron wins face-off versus Nikolai Kulemin in Avalanche zone.
10:42 of 2nd period - Patrice Bergeron is hit by Nikita Filatov.
10:48 of 2nd period - Nikolai Kulemin is hit by Patrice Bergeron and loses puck.
10:55 of 2nd period - Shot by Patrice Bergeron.
10:55 of 2nd period - Stopped by Tyler Beskorowany without a rebound.
10:56 of 2nd period - Matt Stajan wins face-off versus Brad Boyes in Rangers zone.
10:56 of 2nd period - Ilja Zubov is hit by Jason Zucker.
11:18 of 2nd period - Shot by Ilja Zubov.
11:18 of 2nd period - Stopped by Roberto Luongo without a rebound.
11:19 of 2nd period - Nikolai Kulemin wins face-off versus Patrice Bergeron in Avalanche zone.
11:20 of 2nd period - Shot by Tim Ramholt.
11:20 of 2nd period - Stopped by Roberto Luongo with a rebound.
11:43 of 2nd period - Minor Penalty to Kyle Palmieri for Holding.
11:44 of 2nd period - Matt Stajan wins face-off versus Patrick Sharp in Avalanche zone.
11:59 of 2nd period - Shot by Matt Stajan.
11:59 of 2nd period - Shot Misses the Net.
12:19 of 2nd period - Shot by Zach Bogosian.
12:19 of 2nd period - Shot Misses the Net.
13:20 of 2nd period - Shot by Trevor Byrne.
13:20 of 2nd period - Shot Hit the Post.
13:22 of 2nd period - Shot by Rich Peverley.
13:22 of 2nd period - Deflect By Clarke MacArthur.
13:22 of 2nd period - Stopped by Roberto Luongo without a rebound.
13:23 of 2nd period - Nikolai Kulemin wins face-off versus Patrick Sharp in Avalanche zone.
14:02 of 2nd period - Shot by Evan McGrath.
14:02 of 2nd period - Stopped by Roberto Luongo without a rebound.
14:03 of 2nd period - Alex Foster wins face-off versus Chris VandeVelde in Avalanche zone.
15:13 of 2nd period - Shot by Scott Hartnell.
15:13 of 2nd period - Stopped by Roberto Luongo without a rebound.
15:14 of 2nd period - Brad Boyes wins face-off versus Nikolai Kulemin in Avalanche zone.
15:14 of 2nd period - Brad Boyes is hit by Nikita Filatov.
15:20 of 2nd period - Shot by Remi Elie.
15:20 of 2nd period - Stopped by Tyler Beskorowany without a rebound.
15:21 of 2nd period - Rich Peverley wins face-off versus Kyle Palmieri in Rangers zone.
15:21 of 2nd period - Rich Peverley is hit by Kyle Palmieri.
16:46 of 2nd period - Off-side.
16:47 of 2nd period - Chris VandeVelde wins face-off versus Alex Foster in neutral zone.
16:47 of 2nd period - Patrick Sharp is hit by Alex Foster and loses puck.
16:51 of 2nd period - Chris VandeVelde is hit by Tim Ramholt and loses puck.
16:54 of 2nd period - Shot by Lukas Krajicek.
16:54 of 2nd period - Shot Blocked by Tim Ramholt.
17:02 of 2nd period - Shot by Jason Zucker.
17:02 of 2nd period - Stopped by Tyler Beskorowany without a rebound.
17:03 of 2nd period - Brad Boyes wins face-off versus Matt Stajan in Rangers zone.
17:38 of 2nd period - Shot by Jussi Jokinen.
17:38 of 2nd period - Shot Misses the Net.
17:55 of 2nd period - Icing by Anton Stralman.
17:56 of 2nd period - Brad Boyes wins face-off versus Alex Foster in Avalanche zone.
18:45 of 2nd period - Niklas Kronwall is hit by Dmitry Kulikov and loses puck.
18:46 of 2nd period - Minor Penalty to Tim Ramholt for Slashing.
18:47 of 2nd period - Patrice Bergeron wins face-off versus Nikolai Kulemin in Rangers zone.
19:43 of 2nd period - Minor Penalty to Jason Zucker for Slashing.
19:44 of 2nd period - Brad Boyes wins face-off versus Mattias Tedenby in Avalanche zone.
19:44 of 2nd period - TJ Brodie is hit by Matt Stajan and loses puck.
Goals for this period are 1 for Rangers vs 0 for Avalanche.
Shots for this period are 10 for Rangers vs 6 for Avalanche.

3rd period


0:01 of 3rd period - Mattias Tedenby wins face-off versus Patrick Sharp in neutral zone.
0:16 of 3rd period - Shot by Mattias Tedenby.
0:16 of 3rd period - Stopped by Roberto Luongo with a rebound.
0:22 of 3rd period - Shot by Mattias Tedenby.
0:22 of 3rd period - Shot Blocked by Niklas Kronwall.
0:24 of 3rd period - Shot by Fedor Tyutin.
0:24 of 3rd period - Stopped by Roberto Luongo without a rebound.
0:25 of 3rd period - Mattias Tedenby wins face-off versus Patrick Sharp in Avalanche zone.
1:21 of 3rd period - Zach Bogosian is hit by Patrice Bergeron and loses puck.
1:25 of 3rd period - Icing by Zach Bogosian.
1:26 of 3rd period - Nikolai Kulemin wins face-off versus Patrick Sharp in Rangers zone.
1:33 of 3rd period - Shot by Zach Bogosian.
1:33 of 3rd period - Shot Misses the Net.
1:35 of 3rd period - Shot by Zach Bogosian.
1:35 of 3rd period - Shot Misses the Net.
1:49 of 3rd period - Shot by Patrice Bergeron.
1:49 of 3rd period - Shot Blocked by Matt Stajan.
1:54 of 3rd period - Kyle Palmieri is hit by Tim Ramholt and loses puck.
2:01 of 3rd period - Shot by Kyle Palmieri.
2:01 of 3rd period - Stopped by Tyler Beskorowany without a rebound.
2:02 of 3rd period - Patrick Sharp wins face-off versus Evan McGrath in Rangers zone.
3:03 of 3rd period - Shot by Kyle Palmieri.
3:03 of 3rd period - Shot Misses the Net.
3:05 of 3rd period - Shot by Anton Stralman.
3:05 of 3rd period - Stopped by Tyler Beskorowany without a rebound.
3:06 of 3rd period - Scott Hartnell wins face-off versus Brad Boyes in Rangers zone.
3:17 of 3rd period - Shot by Ilja Zubov.
3:17 of 3rd period - Shot Misses the Net.
3:27 of 3rd period - Shot by Matt Stajan.
3:27 of 3rd period - Stopped by Roberto Luongo without a rebound.
3:28 of 3rd period - Nikolai Kulemin wins face-off versus Patrice Bergeron in Avalanche zone.
3:46 of 3rd period - Kyle Palmieri is hit by Nikita Filatov and loses puck.
4:03 of 3rd period - Shot by Rich Peverley.
4:03 of 3rd period - Shot Misses the Net.
4:41 of 3rd period - Off-side.
4:42 of 3rd period - Chris VandeVelde wins face-off versus Alex Foster in neutral zone.
5:41 of 3rd period - Trevor Byrne is hit by Patrice Bergeron and loses puck.
5:52 of 3rd period - Shot by Patrice Bergeron.
5:52 of 3rd period - Deflect By Brad Boyes.
5:52 of 3rd period - Stopped by Tyler Beskorowany without a rebound.
5:53 of 3rd period - Brad Boyes wins face-off versus Matt Stajan in Rangers zone.
5:53 of 3rd period - Brad Boyes is hit by Zach Bogosian.
6:19 of 3rd period - Shot by Ilja Zubov.
6:19 of 3rd period - Stopped by Roberto Luongo without a rebound.
6:20 of 3rd period - Nikolai Kulemin wins face-off versus Patrice Bergeron in Avalanche zone.
6:43 of 3rd period - Nikolai Kulemin is hit by Patrice Bergeron.
7:18 of 3rd period - Francois Beauchemin is hit by Matt Stajan and loses puck.
7:26 of 3rd period - Patrick Sharp is hit by Fedor Tyutin.
7:31 of 3rd period - Jason Zucker is hit by Zach Bogosian and loses puck.
7:40 of 3rd period - Shot by Jason Zucker.
7:40 of 3rd period - Stopped by Tyler Beskorowany with a rebound.
7:42 of 3rd period - Shot by Francois Beauchemin.
7:42 of 3rd period - Stopped by Tyler Beskorowany without a rebound.
7:43 of 3rd period - Evan McGrath wins face-off versus Brad Boyes in Rangers zone.
7:52 of 3rd period - Shot by James Sheppard.
7:52 of 3rd period - Stopped by Roberto Luongo without a rebound.
7:53 of 3rd period - Alex Foster wins face-off versus Brad Boyes in Avalanche zone.
8:06 of 3rd period - Clarke MacArthur is hit by Jussi Jokinen and loses puck.
8:15 of 3rd period - Shot by Alex Foster.
8:15 of 3rd period - Shot Blocked by Lukas Krajicek.
8:29 of 3rd period - Shot by Clarke MacArthur.
8:29 of 3rd period - Shot Misses the Net.
9:23 of 3rd period - Shot by Scott Hartnell.
9:23 of 3rd period - Shot Blocked by Francois Beauchemin.
9:27 of 3rd period - Shot by Ilja Zubov.
9:27 of 3rd period - Stopped by Roberto Luongo without a rebound.
9:28 of 3rd period - Chris VandeVelde wins face-off versus Nikolai Kulemin in Avalanche zone.
9:28 of 3rd period - Chris VandeVelde is hit by Nikita Filatov.
10:03 of 3rd period - Shot by Jason Zucker.
10:03 of 3rd period - Stopped by Tyler Beskorowany without a rebound.
10:04 of 3rd period - Patrice Bergeron wins face-off versus Evan McGrath in Rangers zone.
10:17 of 3rd period - Shot by James Sheppard.
10:17 of 3rd period - Shot Misses the Net.
10:43 of 3rd period - Shot by Mikkel Boedker.
10:43 of 3rd period - Shot Blocked by Fedor Tyutin.
10:48 of 3rd period - Patrice Bergeron is hit by Zach Bogosian.
11:26 of 3rd period - Icing by Niklas Kronwall.
11:27 of 3rd period - Patrice Bergeron wins face-off versus Nikolai Kulemin in Avalanche zone.
11:36 of 3rd period - Niklas Kronwall is hit by Nikita Filatov and loses puck.
11:57 of 3rd period - Nikolai Kulemin is hit by Mikkel Boedker and loses puck.
12:05 of 3rd period - Off-side.
12:06 of 3rd period - Matt Stajan wins face-off versus Brad Boyes in neutral zone.
12:33 of 3rd period - Shot by Jussi Jokinen.
12:33 of 3rd period - Shot Misses the Net.
13:11 of 3rd period - Shot by Alex Foster.
13:11 of 3rd period - Shot Misses the Net.
13:22 of 3rd period - Icing by Lukas Krajicek.
13:23 of 3rd period - Nikolai Kulemin wins face-off versus Jason Zucker in Avalanche zone.
13:32 of 3rd period - Shot by Tim Ramholt.
13:32 of 3rd period - Shot Misses the Net.
13:41 of 3rd period - Minor Penalty to Dmitry Kulikov for Hooking.
13:42 of 3rd period - Nikolai Kulemin wins face-off versus Brad Boyes in Rangers zone.
13:52 of 3rd period - Icing by Anton Stralman.
13:53 of 3rd period - Brad Boyes wins face-off versus Nikolai Kulemin in Avalanche zone.
14:08 of 3rd period - Shot by Patrick Sharp.
14:08 of 3rd period - Stopped by Tyler Beskorowany without a rebound.
14:09 of 3rd period - Patrice Bergeron wins face-off versus Ilja Zubov in Rangers zone.
14:12 of 3rd period - Shot by Niklas Kronwall.
14:12 of 3rd period - Stopped by Tyler Beskorowany without a rebound.
14:13 of 3rd period - Patrice Bergeron wins face-off versus Nikolai Kulemin in Rangers zone.
14:23 of 3rd period - Off-side.
14:24 of 3rd period - Brad Boyes wins face-off versus Nikolai Kulemin in neutral zone.
14:24 of 3rd period - Brad Boyes is hit by Matt Stajan.
14:30 of 3rd period - Shot by Francois Beauchemin.
14:30 of 3rd period - Shot Misses the Net.
14:32 of 3rd period - Shot by Jussi Jokinen.
14:32 of 3rd period - Shot Misses the Net.
14:34 of 3rd period - Shot by Francois Beauchemin.
14:34 of 3rd period - Goal by Francois Beauchemin - Rangers : 2 - Avalanche : 1.
14:35 of 3rd period - Brad Boyes wins face-off versus Alex Foster in neutral zone.
14:35 of 3rd period - Minor Penalty to Alex Foster for Hooking.
14:36 of 3rd period - Brad Boyes wins face-off versus Nikolai Kulemin in Rangers zone.
14:36 of 3rd period - Brad Boyes is hit by Zach Bogosian.
15:43 of 3rd period - Shot by Anton Stralman.
15:43 of 3rd period - Stopped by Tyler Beskorowany with a rebound.
16:58 of 3rd period - Alex Foster is hit by Remi Elie and loses puck.
17:35 of 3rd period - Minor Penalty to Mattias Ekholm for Holding.
17:35 of 3rd period - Minor Penalty to Nikita Filatov for Hooking.
17:36 of 3rd period - Ilja Zubov wins face-off versus Patrick Sharp in Avalanche zone.
17:45 of 3rd period - Shot by Ilja Zubov.
17:45 of 3rd period - Shot Misses the Net.
17:47 of 3rd period - Shot by Scott Hartnell.
17:47 of 3rd period - Shot Misses the Net.
17:49 of 3rd period - Shot by Simon Despres.
17:49 of 3rd period - Stopped by Roberto Luongo without a rebound.
17:50 of 3rd period - Patrick Sharp wins face-off versus Mattias Tedenby in Avalanche zone.
18:09 of 3rd period - Shot by Brad Boyes.
18:09 of 3rd period - Shot Misses the Net.
18:11 of 3rd period - Shot by Francois Beauchemin.
18:11 of 3rd period - Stopped by Tyler Beskorowany without a rebound.
18:12 of 3rd period - Ilja Zubov wins face-off versus Patrick Sharp in Rangers zone.
18:33 of 3rd period - Shot by Patrick Sharp.
18:33 of 3rd period - Stopped by Tyler Beskorowany without a rebound.
18:34 of 3rd period - Patrice Bergeron wins face-off versus Mattias Tedenby in Rangers zone.
18:46 of 3rd period - Jussi Jokinen is hit by Zach Bogosian and loses puck.
19:01 of 3rd period - Avalanche, Roberto Luongo is pulled from the net.
Goals for this period are 0 for Rangers vs 1 for Avalanche.
Shots for this period are 7 for Rangers vs 12 for Avalanche.